 Dungeon Crawl Stone Soup version 0.24-a0-183-g8902462 (webtiles) character file.

Game seed: 5429086616232818506

3761 Hylith the Protected (level 9, -2/83 HPs)
             Began as a Minotaur Berserker on Mar 14, 2019.
             Was a High Priest of Trog.
             Shot with an arrow by a centaur (11 damage)
             ... on level 8 of the Dungeon on Mar 15, 2019.
             The game lasted 00:20:02 (6199 turns).

Hylith the Protected (Minotaur Berserker)           Turns: 6199, Time: 00:20:03

Health: -2/83      AC: 16    Str: 24    XL:     9   Next: 94%
Magic:  8/8        EV:  9    Int:  4    God:    Trog [*****.]
Gold:   473        SH:  0    Dex: 11    Spells: 8/8 levels left

rFire    + . .     SeeInvis .   F - +1 great mace (protect)
rCold    x . .     Gourm    .   (shield currently unavailable)
rNeg     . . .     Faith    .   H - +3 chain mail
rPois    .         Spirit   .   (helmet restricted)
rElec    .         Reflect  .   (no cloak)
rCorr    .         Harm     .   (no gloves)
MR       .....                  u - +0 pair of boots
Stlth    ..........             (no amulet)
HPRegen  0.23/turn              m - ring of flight
MPRegen  0.11/turn              x - ring of fire

@: berserk cooldown, slowed, very slow
A: retaliatory headbutt, horns 2
a: Berserk, Trog's Hand, Brothers in Arms, Renounce Religion, Evoke Flight


You were on level 8 of the Dungeon.
You worshipped Trog.
Trog was extremely pleased with you.
You were very hungry.

You visited 1 branch of the dungeon, and saw 8 of its levels.
You also visited: Sewer.

You collected 473 gold pieces.

Inventory:

Hand Weapons
 a - a +0 mace
 i - the +3 battleaxe of Past Mistakes {venom, rC+ rN++ Str+4 Dex-3}
   (You found it on level 4 of the Dungeon)

   It poisons the flesh of those it strikes.
   It affects your strength (+4).
   It affects your dexterity (-3).
   It protects you from cold.
   It greatly protects you from negative energy.
 z - the +3 hand axe "Cennyes" {protect, rElec Str-4 Int+10 Stlth-}
   (You found it on level 6 of the Dungeon)

   It protects the one who uses it against injury (+AC on strike).
   It affects your strength (-4).
   It affects your intelligence (+10).
   It insulates you from electricity.
   It makes you less stealthy.
 F - a +1 great mace of protection (weapon)
Missiles
 b - 3 tomahawks of dispersal
 o - 8 tomahawks (quivered)
Armour
 u - a +0 pair of boots (worn)
 H - a +3 chain mail (worn)
Jewellery
 m - a ring of flight (left hand)
 x - a ring of fire (right hand)
Wands
 l - a wand of random effects (9)
 y - a wand of acid (8)
Scrolls
 d - 4 scrolls of enchant armour
 f - a scroll of fear
 g - a scroll of noise
 j - 8 scrolls of identify
 k - 4 scrolls of teleportation
 p - a scroll of summoning {unknown}
 q - 3 scrolls of amnesia {unknown}
 w - 2 scrolls of blinking
 A - 2 scrolls of immolation {unknown}
 G - a scroll of remove curse
Potions
 e - 3 potions of agility {unknown}
 h - 2 potions of degeneration {unknown}
 n - a potion of brilliance {unknown}
 s - 2 potions of flight {unknown}
 t - 2 potions of haste {unknown}
 v - a potion of magic {unknown}
 B - 2 potions of curing
 C - a potion of heal wounds {unknown}
 D - a potion of might {unknown}
 E - 2 potions of berserk rage {unknown}
Comestibles
 c - 12 rations
 I - 4 chunks of flesh


   Skills:
 * Level 9.3 Fighting
 * Level 9.8 Maces & Flails
 * Level 11.7 Armour
 - Level 2.1 Dodging


You had 8 spell levels left.
You didn't know any spells.
Your spell library was empty.

Dungeon Overview and Level Annotations

Branches:
Dungeon (8/15)             Temple (0/1) D:6
   Lair: D:8-11

Altars:
Elyvilon
Gozag
Makhleb
Nemelex Xobeh
Okawaru
Qazlal
Xom
Yredelemnul

Shops:
D:5 **[:*


Innate Abilities, Weirdness & Mutations

You reflexively headbutt those who attack you in melee.
You have a pair of horns on your head.


Message History

You headbutt the killer bee. The killer bee stings you.
* * * LOW HITPOINT WARNING * * *
You are poisoned.
The killer bee poisons you! The killer bee stings you.
* * * LOW HITPOINT WARNING * * *
You are more poisoned.
The killer bee poisons you!
The killer bee stings you but does no damage.
You feel better. The killer bee closely misses you. You furiously retaliate!
You headbutt the killer bee.
The killer bee stings you but does no damage.
The killer bee stings you.
* * * LOW HITPOINT WARNING * * *
A centaur comes into view.
The killer bee barely misses you.
The killer bee stings you but does no damage.
The centaur wields a +0 shortbow.
The centaur shoots an arrow.
The arrow hits you!
You die...

#....†####### #.#...(.....#
#.#..(....#... .
#.#....)..# .O.
##..(....#.########
.....#†.†..............####
.........oF...#.#...#......
###.#.))##yyo##.#.#.....# .
#..####@....#.#.....# #..
#...#.#.##.#..# ....
#...###.##.# .... .....
....# #$##.###.## #....#
....# #.<#...# .. #...#
....## ## #...# ### ..###
#.>.# .. #c. #...####.
#........


You could see a bullfrog, a centaur, 2 killer bees and 2 orcs.

Vanquished Creatures
  A two-headed ogre (D:8)
  Joseph (D:8)
  A hippogriff (D:7)
  A hungry ghost (D:7)
  A water moccasin (D:7)
  4 orc warriors
  A phantom (D:4)
  3 ogres
  A necrophage (D:8)
  3 bullfrogs (D:7)
  4 scorpions
  2 killer bees (D:8)
  A howler monkey (D:5)
  2 crimson imps
  A bullfrog zombie (D:5)
  A hound (D:6)
  A quasit (D:5)
  4 orc priests
  A jelly (D:5)
  5 orc wizards
  A centaur skeleton (D:5)
  An iguana (D:7)
  6 worker ants
  A killer bee zombie (D:8)
  A hound skeleton (D:6)
  2 worker ant zombies
  7 gnolls
  17 adders
  A shadow imp (D:5)
  An ooze (D:5)
  An adder skeleton (D:7)
  2 adder zombies (D:5)
  2 worms (D:3)
  2 dart slugs
  9 leopard geckos
  26 orcs
  10 giant cockroaches
  13 goblins
  9 hobgoblins
  7 jackals
  5 kobolds
  5 quokkas
  7 ball pythons
  7 bats
  13 frilled lizards
  A leopard gecko skeleton (D:5)
  A quokka skeleton (D:5)
  8 rats
205 creatures vanquished.

Notes
Turn   | Place    | Note
-------+----------+-------------------------------------------
     0 | D:1      | Hylith the Minotaur Berserker began the quest for the Orb.
     0 | D:1      | Reached XP level 1. HP: 19/19 MP: 0/0
   297 | D:1      | Reached XP level 2. HP: 25/27 MP: 1/1
   635 | D:1      | Reached ** piety under Trog
   785 | D:1      | HP: 1/27 [hobgoblin/+0 club (5)]
   787 | D:1      | Reached XP level 3. HP: 1/34 MP: 2/2
  1628 | D:2      | Reached skill level 5 in Maces & Flails
  1628 | D:2      | Reached XP level 4. HP: 39/41 MP: 3/3
  1646 | D:2      | Found an iron altar of Okawaru.
  1734 | D:2      | Found a sparkling altar of Nemelex Xobeh.
  1775 | D:2      | Found a burning altar of Makhleb.
  1775 | D:2      | Noticed an Executioner
  1942 | D:3      | Reached *** piety under Trog
  2143 | D:3      | Reached skill level 3 in Armour
  2144 | D:3      | Reached skill level 5 in Fighting
  2147 | D:3      | Reached XP level 5. HP: 20/48 MP: 4/4
  2246 | D:3      | Found a white marble altar of Elyvilon.
  2764 | D:4      | Noticed a phantom
  2793 | D:4      | Killed a phantom
  2793 | D:4      | Reached XP level 6. HP: 29/56 MP: 5/5
  2866 | D:4      | Reached skill level 4 in Armour
  3107 | D:4      | Reached **** piety under Trog
  3249 | D:4      | Got an encrusted battleaxe
  3250 | D:4      | Identified the +3 battleaxe of Past Mistakes {venom, rC+
                  | rN++ Str+4 Dex-3} (You found it on level 4 of the Dungeon)
  3433 | D:5      | Entered Level 5 of the Dungeon
  3458 | D:5      | Found a shimmering altar of Xom.
  3497 | D:5      | Found Seqous Bevuo's General Store.
  3519 | D:5      | Reached XP level 7. HP: 62/62 MP: 6/6
  3547 | D:5      | Reached skill level 5 in Armour
  3620 | D:5      | Found Vuarchido's Antique Armour Shoppe.
  3825 | D:5      | Found an iron altar of Okawaru.
  3836 | D:5      | Found Muxum's Assorted Antiques.
  3851 | D:5      | Found Qunnudam's Book Boutique.
  3896 | D:5      | Found Pukuemin's General Store.
  4266 | D:5      | Reached skill level 6 in Armour
  4347 | D:6      | Found a basalt altar of Yredelemnul.
  4461 | D:6      | Got a polished hand axe
  4566 | D:6      | Reached XP level 8. HP: 31/71 MP: 7/7
  4748 | D:6      | Reached skill level 7 in Armour
  4903 | D:6      | Found a glowing drain.
  4929 | Sewer    | Entered a sewer
  4972 | Sewer    | Upgraded the game from 0.24-a0-181-gd121a6d to
                  | 0.24-a0-183-g8902462
  4977 | Sewer    | Reached ***** piety under Trog
  5239 | D:6      | Found a staircase to the Ecumenical Temple.
  5527 | D:7      | Identified the +3 hand axe "Cennyes" {protect, rElec Str-4
                  | Int+10 Stlth-} (You found it on level 6 of the Dungeon)
  5541 | D:7      | Reached skill level 8 in Armour
  5736 | D:7      | Found a stormy altar of Qazlal.
  5772 | D:7      | Reached skill level 9 in Armour
  5867 | D:7      | Noticed a hippogriff
  5876 | D:7      | Killed a hippogriff
  5876 | D:7      | Reached XP level 9. HP: 63/81 MP: 8/8
  5876 | D:7      | Received a gift from Trog
  5936 | D:7      | Found an opulent altar of Gozag.
  6092 | D:8      | Noticed a two-headed ogre
  6100 | D:8      | Reached skill level 10 in Armour
  6103 | D:8      | Killed a two-headed ogre
  6103 | D:8      | Reached skill level 11 in Armour
  6172 | D:8      | Noticed Joseph
  6186 | D:8      | Killed Joseph
  6193 | D:8      | HP: 3/124 [killer bee (4)]
  6194 | D:8      | HP: 1/83 [poisoned by a killer bee]
  6199 | D:8      | Shot with an arrow by a centaur

Levels and vault maps discovered:
D:1:      co_arrival_random_square_maze, layout_loops_corners
D:2:      layout_rooms, lemuel_coloured_pillars_altar,
          nicolae_overflow_hidden_temple, nicolae_overflow_crystal_walls,
          grunt_ministairs_10, makhleb_altar_promises_db
D:3:      layout_loops_ring, elyvilon_altar_4
D:4:      layout_basic, first_ration, st_stairs_8
D:5:      minmay_chambers_of_threes, layout_gridville, tgw_xom, serial_shops,
          shop, shop_fountains, kennysheep_mini, shop, shop,
          minmay_misc_feat_rows, okawaru_trees_2
D:6:      layout_cave_pods, minmay_temple_entry_trees, basic_altar,
          portal_sewer_entry_f, serial_column_ruins, column_ruins_hut,
          column_ruins_columns_corner, column_ruins_grid_2,
          column_ruins_columns_water, column_ruins_open_small,
          column_ruins_columns_dead_end, minmay_ogre_servants
D:7:      layout_rooms, nicolae_qazlal_eye_of_the_storm,
          overflow_temple_1_default
D:8:      layout_basic, serial_shops, kennysheep_mini_moat,
          hangedman_decor_growths, david_nohive_1, kennysheep_generic_room_14,
          uniq_harold, uniq_joseph
Sewer:    sewer_co_cracked_pipes

Skill      XL: |  1  2  3  4  5  6  7  8  9 |
---------------+----------------------------+-----
Fighting       | 4 5 6 8 9 |  9.3
Maces & Flails | 4 5 6 7 8 9 |  9.8
Armour         | 3 4 6 9 11 | 11.7
Dodging        | |  2.1

Action                   |  1- 3 |  4- 6 |  7- 9 || total
-------------------------+-------+-------+-------++-------
Melee: Mace              |    82 |   147 |       ||   229
       Headbutt          |     3 |    18 |    33 ||    54
       Battleaxe         |       |     8 |   224 ||   232
       Great mace        |       |       |    34 ||    34
Invok: Berserk           |       |     2 |     4 ||     6
  Use: Scroll            |       |     7 |       ||     7
       Potion            |       |       |     2 ||     2
  Eat: Chunk             |     2 |     8 |    15 ||    25
       Ration            |       |       |     3 ||     3
Armor: Animal skin       |    14 |     4 |       ||    18
       Scale mail        |       |    26 |       ||    26
       Chain mail        |       |    17 |   198 ||   215
Dodge: Dodged            |    67 |    87 |   169 ||   323

Table legend:
 A = Non-vault XP
 B = Vault XP
 C = Vault XP percentage of total XP
 D = Non-vault monster count
 E = Vault monster count
 F = Vault count percentage of total count
                 A         B        C        D         E       F
            +---------+---------+-------+---------+---------+-------
      Total |    4428 |     945 |  17.6 |     163 |      42 |  20.5
            +---------+---------+-------+---------+---------+-------
        D:1 |      44 |       0 |   0.0 |      25 |       0 |   0.0
        D:2 |      72 |       3 |   4.0 |      17 |       2 |  10.5
        D:3 |     108 |       0 |   0.0 |      24 |       0 |   0.0
        D:4 |     440 |       3 |   0.7 |      27 |       1 |   3.6
        D:5 |     413 |     150 |  26.6 |      20 |      10 |  33.3
        D:6 |     384 |     147 |  27.7 |      15 |      13 |  46.4
        D:7 |    1290 |       0 |   0.0 |      19 |       0 |   0.0
        D:8 |    1677 |     580 |  25.7 |      16 |       3 |  15.8
      Sewer |       0 |      62 | 100.0 |       0 |      13 | 100.0
            +---------+---------+-------+---------+---------+-------
